General information
			
			
        
        - name: BNet
 
        - type: Ladder team game (AT/RT)
 
        - host: Battle.net
 
        - saver: 647-869-9830
 
        
map: FullScaleAssault 
        - players: 8
 
        - length: 42:18
 
        - speed: Fast
 - version: 1.22 W3XP
 - replay type:  Public
 
» download(295 KB)
Players
        team 1 (loser) 
              
              
Thor08 (
yellow | 30 APM | 771 actions | 26:07)
              
 3 Death Knight 
 2 Death Coil
 1 Unholy Aura
 
                » actions 
                
                | Basic commands | 10 |  | 
| Build / train | 45 |  | 
| Enter build submenu | 19 |  | 
| Enter hero's abilities submenu | 3 |  | 
| Give item / drop item | 2 |  | 
| Right click | 439 |  | 
| Select / deselect | 233 |  | 
| Use ability | 20 |  | 
                771 total
 » units 
                
                | Acolyte | 4 |  | 
| Ghoul | 6 |  | 
| Frost Wyrm | 9 |  | 
| Gargoyle | 5 |  | 
| Blue Dragon | 1 |  | 
| Crypt Fiend | 4 |  | 
                29 total
 » upgrades
                
                | Creature Carapace | 3 |  | 
| Creature Attack | 3 |  | 
| Freezing Breath | 1 |  | 
| Web | 1 |  | 
                8 total
 » buildings
                
                | Crypt | 1 |  | 
| Altar of Darkness | 1 |  | 
| Ziggurat | 9 |  | 
| Graveyard | 1 |  | 
| Halls of the Dead | 1 |  | 
| Sacrificial Pit | 1 |  | 
| Black Citadel | 1 |  | 
| Boneyard | 3 |  | 
                18 total
 » build order
                00:21 Crypt
00:32 Altar of Darkness
00:40 Ziggurat
02:24 Graveyard
02:33 Halls of the Dead
04:14 Ziggurat
04:31 Ziggurat
04:58 Sacrificial Pit
05:02 Black Citadel
05:49 Ziggurat
07:27 Boneyard
07:33 Boneyard
07:43 Boneyard
09:27 Ziggurat
09:35 Ziggurat
13:34 Ziggurat
13:37 Ziggurat
21:27 Ziggurat
» items
                
                | Periapt of Vitality | 1 |  | 
| Scroll of Healing | 1 |  | 
                2 total
  
               
              
              
bearscape (
blue | 39 APM | 1639 actions | 42:17)
              
 1 Archmage 
 1 Blizzard
 1 Paladin 
 1 Holy Light
 
                » actions 
                
                | Basic commands | 9 |  | 
| Build / train | 146 |  | 
| ESC pressed | 1 |  | 
| Enter build submenu | 33 |  | 
| Enter hero's abilities submenu | 3 |  | 
| Remove unit from queue | 13 |  | 
| Right click | 692 |  | 
| Select / deselect | 625 |  | 
| Use ability | 117 |  | 
                1639 total
 » units 
                
                | Peasant | 46 |  | 
| Footman | 2 |  | 
| Mortar Team | 32 |  | 
| Gryphon Rider | 6 |  | 
                86 total
 » upgrades
                
                | Masonry | 3 |  | 
| Animal War Training | 1 |  | 
| Long Rifles | 1 |  | 
| Defend | 1 |  | 
| Magic Sentry | 1 |  | 
| Control Magic | 1 |  | 
| Flying Machine Bombs | 1 |  | 
| Flare | 1 |  | 
| Barrage | 1 |  | 
| Fragmentation Shards | 1 |  | 
| Flak Cannons | 1 |  | 
| Sorceress Training | 2 |  | 
| Priest Training | 2 |  | 
| Swords | 3 |  | 
| Gunpowder | 3 |  | 
| Plating | 2 |  | 
| Armor | 2 |  | 
| Lumber Harvesting | 2 |  | 
                29 total
 » buildings
                
                | Town Hall | 1 |  | 
| Farm | 15 |  | 
| Barracks | 1 |  | 
| Lumber Mill | 4 |  | 
| Keep | 1 |  | 
| Altar of Kings | 1 |  | 
| Castle | 1 |  | 
| Scout Tower | 61 |  | 
| Blacksmith | 1 |  | 
| Arcane Tower | 5 |  | 
| Guard Tower | 14 |  | 
| Arcane Sanctum | 2 |  | 
| Arcane Vault | 1 |  | 
| Workshop | 3 |  | 
| Cannon Tower | 2 |  | 
| Gryphon Aviary | 1 |  | 
                114 total
 » build order
                05:17 Town Hall
08:40 Farm
09:13 Farm
09:13 Farm
09:37 Barracks
10:41 Lumber Mill
11:23 Keep
11:51 Altar of Kings
12:05 Farm
12:06 Farm
13:38 Farm
13:38 Farm
14:27 Castle
14:35 Farm
14:36 Farm
15:15 Lumber Mill
15:22 Scout Tower
15:24 Scout Tower
15:25 Scout Tower
15:26 Scout Tower
15:27 Scout Tower
15:28 Scout Tower
15:31 Scout Tower
15:32 Scout Tower
15:33 Scout Tower
15:37 Scout Tower
15:39 Scout Tower
15:40 Scout Tower
15:40 Scout Tower
15:42 Scout Tower
15:45 Scout Tower
15:46 Scout Tower
15:48 Scout Tower
16:09 Scout Tower
16:11 Scout Tower
16:12 Scout Tower
16:17 Scout Tower
16:18 Scout Tower
16:20 Scout Tower
16:21 Scout Tower
16:23 Scout Tower
16:24 Scout Tower
16:25 Scout Tower
16:27 Scout Tower
16:32 Scout Tower
16:33 Scout Tower
16:35 Scout Tower
16:37 Scout Tower
16:38 Scout Tower
16:39 Scout Tower
16:40 Scout Tower
16:48 Blacksmith
18:09 Arcane Tower
18:12 Arcane Tower
18:14 Guard Tower
18:17 Guard Tower
18:20 Guard Tower
18:32 Arcane Sanctum
18:35 Arcane Vault
18:41 Arcane Sanctum
19:26 Guard Tower
19:27 Guard Tower
19:30 Guard Tower
19:34 Guard Tower
20:22 Workshop
21:36 Farm
21:37 Farm
21:38 Farm
22:01 Cannon Tower
22:03 Cannon Tower
22:05 Guard Tower
22:06 Guard Tower
22:09 Arcane Tower
22:11 Arcane Tower
22:14 Guard Tower
23:32 Farm
23:33 Farm
23:34 Farm
24:49 Guard Tower
24:50 Arcane Tower
24:54 Scout Tower
24:55 Scout Tower
26:19 Lumber Mill
27:37 Guard Tower
28:03 Lumber Mill
28:34 Scout Tower
28:36 Scout Tower
28:37 Scout Tower
28:38 Scout Tower
28:39 Scout Tower
28:44 Scout Tower
28:45 Scout Tower
28:47 Scout Tower
28:49 Scout Tower
28:50 Scout Tower
28:51 Scout Tower
28:54 Scout Tower
28:55 Scout Tower
28:56 Scout Tower
28:57 Scout Tower
28:58 Scout Tower
28:59 Scout Tower
29:03 Scout Tower
29:03 Scout Tower
29:04 Scout Tower
29:05 Scout Tower
29:09 Scout Tower
29:10 Scout Tower
29:11 Scout Tower
30:10 Gryphon Aviary
31:42 Workshop
32:05 Workshop
37:33 Guard Tower
37:36 Guard Tower
 
               
              
              
muzixs (
red | 19 APM | 166 actions | 08:53)
              
 1 Priestess of the Moon 
 1 Searing Arrows
 1 Goblin Tinker 
 1 Cluster Rockets
 
                » actions 
                
                | Build / train | 27 |  | 
| Enter build submenu | 17 |  | 
| Enter hero's abilities submenu | 2 |  | 
| Right click | 28 |  | 
| Select / deselect | 74 |  | 
| Use ability | 18 |  | 
                166 total
 » units 
                » upgrades
                
                | Strength of the Wild | 2 |  | 
| Reinforced Hides | 2 |  | 
                4 total
 » buildings
                
                | Hunter's Hall | 1 |  | 
| Moon Well | 8 |  | 
| Altar of Elders | 1 |  | 
| Tree of Ages | 1 |  | 
| Ancient Protector | 2 |  | 
| Tree of Eternity | 1 |  | 
| Ancient of Wind | 1 |  | 
                15 total
 » build order
                00:45 Hunter's Hall
00:50 Moon Well
01:15 Altar of Elders
01:52 Moon Well
03:39 Moon Well
03:41 Tree of Ages
03:49 Ancient Protector
04:38 Moon Well
05:00 Ancient Protector
05:41 Moon Well
06:02 Tree of Eternity
07:20 Moon Well
08:14 Moon Well
08:19 Moon Well
08:32 Ancient of Wind
 
               
              
              
wasupafly (
purple | 44 APM | 1842 actions | 42:12)
              
 5 Warden 
 2 Fan of Knives
 3 Shadow Strike
 1 Goblin Tinker 
 1 Engineering Upgrade
 2 Priestess of the Moon 
 1 Trueshot Aura
 1 Searing Arrows
 1 Death Knight 
 1 Unholy Aura
 
                » actions 
                
                | Assign group hotkey | 15 |  | 
| Basic commands | 1 |  | 
| Build / train | 180 |  | 
| Enter build submenu | 54 |  | 
| Enter hero's abilities submenu | 9 |  | 
| Give item / drop item | 5 |  | 
| Right click | 772 |  | 
| Select / deselect | 496 |  | 
| Select group hotkey | 220 |  | 
| Use ability | 89 |  | 
                1842 total
 » units 
                
                | Wisp | 42 |  | 
| Huntress | 8 |  | 
| Dryad | 22 |  | 
| Chimaera | 13 |  | 
| Hippogryph | 13 |  | 
| Blue Dragon | 1 |  | 
| Blue Drake | 1 |  | 
| Blue Dragon Whelp | 1 |  | 
| Makrura Deepseer | 1 |  | 
| Mur'gul Snarecaster | 1 |  | 
| Makrura Snapper | 1 |  | 
| Giant Sea Turtle | 2 |  | 
| Druid of the Claw | 1 |  | 
| Faerie Dragon | 3 |  | 
| Druid of the Talon | 2 |  | 
| Frost Wyrm | 8 |  | 
| Mountain Giant | 4 |  | 
| Glaive Thrower | 1 |  | 
| Ghoul | 1 |  | 
| Gargoyle | 8 |  | 
                134 total
 » upgrades
                
                | Ultravision | 3 |  | 
| Strength of the Moon | 3 |  | 
| Moon Armor | 3 |  | 
| Well Spring | 2 |  | 
| Abolish Magic | 2 |  | 
| Reinforced Hides | 3 |  | 
| Strength of the Wild | 3 |  | 
| Corrosive Breath | 2 |  | 
| Druid of the Claw Training | 2 |  | 
| Resistant Skin | 1 |  | 
| Hardened Skin | 1 |  | 
| Upgrade Moon Glaive | 1 |  | 
| Marksmanship | 1 |  | 
| Improved Bows | 1 |  | 
| Nature's Blessing | 1 |  | 
| Vorpal Blades | 1 |  | 
                30 total
 » buildings
                
                | Altar of Elders | 1 |  | 
| Ancient of War | 5 |  | 
| Moon Well | 9 |  | 
| Hunter's Hall | 1 |  | 
| Ancient of Wonders | 1 |  | 
| Ancient Protector | 14 |  | 
| Tree of Ages | 1 |  | 
| Ancient of Lore | 4 |  | 
| Tree of Life | 3 |  | 
| Chimaera Roost | 6 |  | 
| Tree of Eternity | 1 |  | 
| Ancient of Wind | 2 |  | 
| Spirit Tower | 1 |  | 
| Crypt | 1 |  | 
| Ziggurat | 2 |  | 
                52 total
 » build order
                00:20 Altar of Elders
00:39 Ancient of War
00:51 Moon Well
02:01 Moon Well
02:40 Hunter's Hall
02:48 Ancient of Wonders
03:03 Moon Well
03:32 Moon Well
03:52 Ancient Protector
04:05 Ancient Protector
06:00 Tree of Ages
06:23 Ancient of War
06:38 Moon Well
07:37 Moon Well
08:42 Moon Well
09:08 Ancient of Lore
09:15 Ancient of Lore
09:41 Ancient of Lore
10:11 Ancient of Lore
10:57 Tree of Life
11:16 Chimaera Roost
11:32 Tree of Eternity
13:19 Chimaera Roost
14:15 Ancient of Wind
14:43 Ancient Protector
15:01 Moon Well
15:17 Moon Well
15:47 Chimaera Roost
16:18 Chimaera Roost
16:23 Chimaera Roost
18:00 Chimaera Roost
18:04 Ancient of Wind
19:06 Ancient Protector
19:15 Ancient Protector
20:29 Ancient Protector
21:03 Ancient Protector
21:54 Ancient Protector
23:03 Tree of Life
26:51 Ancient Protector
26:54 Ancient Protector
26:59 Ancient Protector
27:05 Ancient Protector
27:42 Ancient Protector
33:25 Ancient Protector
33:43 Spirit Tower
34:28 Ancient of War
34:34 Ancient of War
34:39 Ancient of War
36:40 Tree of Life
40:29 Crypt
40:48 Ziggurat
40:57 Ziggurat
» items
                
                | Scroll of Healing | 1 |  | 
| Scroll of Protection | 1 |  | 
| Potion of Lesser Invulnerability | 1 |  | 
                3 total
  
               team 2 (winner) 
              
              
SEPHIROOTHH (
green | 107 APM | 4529 actions | 42:17)
              
 6 Demon Hunter 
 2 Mana Burn
 3 Evasion
 1 Metamorphosis
 5 Keeper of the Grove 
 3 Entangling Roots
 1 Force of Nature
 1 Thorns Aura
 3 Pandaren Brewmaster 
 2 Breath of Fire
 1 Drunken Haze
 
                » actions 
                
                | Assign group hotkey | 14 |  | 
| Basic commands | 203 |  | 
| Build / train | 222 |  | 
| ESC pressed | 11 |  | 
| Enter build submenu | 23 |  | 
| Enter hero's abilities submenu | 15 |  | 
| Give item / drop item | 10 |  | 
| Right click | 1650 |  | 
| Select / deselect | 690 |  | 
| Select group hotkey | 1551 |  | 
| Use ability | 137 |  | 
                4529 total
 » units 
                
                | Wisp | 156 |  | 
| Huntress | 3 |  | 
| Dryad | 4 |  | 
| Hippogryph | 8 |  | 
                171 total
 » upgrades
                
                | Strength of the Wild | 3 |  | 
| Reinforced Hides | 3 |  | 
| Abolish Magic | 1 |  | 
| Nature's Blessing | 1 |  | 
| Well Spring | 1 |  | 
| Ultravision | 1 |  | 
| Strength of the Moon | 1 |  | 
| Moon Armor | 1 |  | 
                12 total
 » buildings
                
                | Altar of Elders | 1 |  | 
| Moon Well | 8 |  | 
| Ancient of War | 1 |  | 
| Hunter's Hall | 2 |  | 
| Tree of Ages | 2 |  | 
| Ancient of Lore | 2 |  | 
| Tree of Life | 2 |  | 
| Ancient of Wind | 2 |  | 
| Tree of Eternity | 3 |  | 
| Ancient of Wonders | 2 |  | 
                25 total
 » build order
                00:09 Altar of Elders
00:22 Moon Well
01:17 Moon Well
02:24 Ancient of War
03:00 Hunter's Hall
05:06 Tree of Ages
06:12 Moon Well
06:15 Moon Well
06:18 Moon Well
06:25 Moon Well
06:26 Moon Well
07:35 Ancient of Lore
07:37 Ancient of Lore
08:10 Tree of Life
08:14 Tree of Life
08:49 Ancient of Wind
08:50 Ancient of Wind
09:49 Hunter's Hall
09:51 Tree of Eternity
09:52 Tree of Eternity
09:52 Tree of Eternity
27:43 Ancient of Wonders
27:45 Ancient of Wonders
38:28 Moon Well
» items
                
                | Boots of Speed | 2 |  | 
| Staff of Teleportation | 3 |  | 
| Scroll of Town Portal | 7 |  | 
| Periapt of Vitality | 3 |  | 
                15 total
  
               
              
              
DMZ (
teal | 101 APM | 4260 actions | 42:17)
              
 8 Archmage 
 3 Blizzard
 2 Brilliance Aura
 1 Mass Teleport
 2 Summon Water Elemental
 
                » actions 
                
                | Assign group hotkey | 254 |  | 
| Basic commands | 240 |  | 
| Build / train | 204 |  | 
| Enter build submenu | 83 |  | 
| Enter hero's abilities submenu | 8 |  | 
| Remove unit from queue | 9 |  | 
| Right click | 1645 |  | 
| Select / deselect | 993 |  | 
| Select group hotkey | 564 |  | 
| Use ability | 259 |  | 
                4260 total
 » units 
                
                | Peasant | 30 |  | 
| Goblin Zeppelin | 9 |  | 
| Dragonhawk Rider | 10 |  | 
| Goblin Shredder | 4 |  | 
| Gryphon Rider | 3 |  | 
                56 total
 » upgrades
                
                | Masonry | 3 |  | 
| Lumber Harvesting | 2 |  | 
| Swords | 3 |  | 
| Armor | 3 |  | 
| Cloud | 1 |  | 
| Storm Hammers | 1 |  | 
                13 total
 » buildings
                
                | Altar of Kings | 1 |  | 
| Farm | 18 |  | 
| Scout Tower | 56 |  | 
| Lumber Mill | 1 |  | 
| Arcane Tower | 3 |  | 
| Guard Tower | 87 |  | 
| Keep | 2 |  | 
| Blacksmith | 1 |  | 
| Gryphon Aviary | 6 |  | 
| Town Hall | 5 |  | 
| Arcane Vault | 4 |  | 
| Castle | 1 |  | 
| Workshop | 1 |  | 
                186 total
 » build order
                00:04 Altar of Kings
00:18 Farm
01:30 Scout Tower
01:39 Scout Tower
01:49 Farm
01:59 Lumber Mill
02:03 Arcane Tower
02:03 Arcane Tower
02:31 Scout Tower
02:32 Scout Tower
03:17 Guard Tower
03:17 Guard Tower
03:30 Guard Tower
03:30 Guard Tower
03:31 Scout Tower
03:32 Scout Tower
03:55 Scout Tower
03:55 Scout Tower
04:39 Guard Tower
04:39 Guard Tower
04:40 Scout Tower
04:40 Scout Tower
04:42 Scout Tower
04:42 Scout Tower
05:15 Guard Tower
05:15 Guard Tower
05:31 Guard Tower
05:33 Scout Tower
05:34 Scout Tower
05:58 Guard Tower
05:59 Guard Tower
06:00 Scout Tower
06:02 Scout Tower
06:02 Scout Tower
06:15 Guard Tower
06:42 Guard Tower
07:08 Keep
07:22 Guard Tower
07:22 Guard Tower
07:25 Scout Tower
07:26 Scout Tower
08:00 Guard Tower
08:01 Guard Tower
08:01 Guard Tower
08:04 Scout Tower
08:04 Scout Tower
08:37 Guard Tower
08:37 Guard Tower
08:39 Scout Tower
08:40 Scout Tower
08:41 Scout Tower
08:46 Blacksmith
09:27 Farm
09:29 Farm
09:38 Guard Tower
09:48 Gryphon Aviary
09:48 Gryphon Aviary
10:22 Farm
10:23 Farm
10:25 Farm
11:13 Town Hall
11:28 Arcane Vault
13:33 Scout Tower
13:34 Scout Tower
14:03 Guard Tower
14:03 Guard Tower
14:05 Guard Tower
14:06 Scout Tower
14:07 Scout Tower
14:40 Town Hall
14:48 Scout Tower
14:49 Scout Tower
14:49 Scout Tower
14:50 Scout Tower
14:50 Scout Tower
15:19 Guard Tower
15:19 Guard Tower
15:20 Guard Tower
15:20 Guard Tower
15:20 Guard Tower
15:48 Guard Tower
15:48 Guard Tower
15:49 Guard Tower
15:49 Guard Tower
15:56 Guard Tower
16:13 Guard Tower
17:19 Guard Tower
17:23 Town Hall
18:46 Arcane Vault
19:29 Scout Tower
19:30 Scout Tower
19:31 Scout Tower
19:32 Scout Tower
19:32 Scout Tower
19:33 Scout Tower
19:34 Scout Tower
19:40 Castle
20:15 Scout Tower
20:16 Scout Tower
20:17 Scout Tower
20:18 Guard Tower
20:18 Guard Tower
20:44 Guard Tower
20:44 Guard Tower
20:55 Guard Tower
20:55 Guard Tower
21:10 Guard Tower
21:10 Guard Tower
21:10 Scout Tower
21:11 Scout Tower
21:12 Scout Tower
21:12 Scout Tower
21:23 Guard Tower
21:23 Guard Tower
21:37 Town Hall
21:38 Guard Tower
21:39 Guard Tower
21:45 Town Hall
21:49 Guard Tower
21:50 Guard Tower
22:05 Scout Tower
22:06 Scout Tower
22:09 Guard Tower
22:09 Guard Tower
22:14 Guard Tower
22:14 Guard Tower
22:15 Guard Tower
22:15 Guard Tower
23:01 Guard Tower
23:01 Guard Tower
23:13 Guard Tower
23:13 Guard Tower
23:55 Arcane Vault
24:00 Arcane Vault
24:05 Farm
24:06 Farm
29:14 Gryphon Aviary
29:15 Gryphon Aviary
29:15 Gryphon Aviary
29:16 Gryphon Aviary
35:53 Farm
37:54 Farm
38:23 Farm
39:01 Scout Tower
39:03 Scout Tower
39:08 Workshop
40:18 Farm
40:18 Farm
40:18 Farm
40:20 Farm
40:20 Farm
40:20 Farm
41:53 Guard Tower
41:53 Guard Tower
41:55 Scout Tower
41:56 Scout Tower
41:56 Scout Tower
41:57 Scout Tower
41:57 Scout Tower
» items
                
                | Scroll of Town Portal | 2 |  | 
| Scroll of Regeneration | 2 |  | 
| Potion of Healing | 1 |  | 
| Ivory Tower | 3 |  | 
| Staff of Preservation | 1 |  | 
                9 total
  
               
              
              
647-869-9830 (
pink | 114 APM | 4821 actions | 42:18)
              
 5 Archmage 
 3 Blizzard
 2 Brilliance Aura
 5 Blood Mage 
 3 Flame Strike
 1 Banish
 1 Siphon Mana
 4 Pit Lord 
 2 Rain of Fire
 2 Cleaving Attack
 
                » actions 
                
                | Assign group hotkey | 12 |  | 
| Basic commands | 12 |  | 
| Build / train | 100 |  | 
| Enter build submenu | 50 |  | 
| Enter hero's abilities submenu | 15 |  | 
| Give item / drop item | 7 |  | 
| Remove unit from queue | 2 |  | 
| Right click | 2457 |  | 
| Select / deselect | 448 |  | 
| Select group hotkey | 1416 |  | 
| Use ability | 302 |  | 
                4821 total
 » units 
                
                | Peasant | 10 |  | 
| Dragonhawk Rider | 12 |  | 
| Goblin Zeppelin | 1 |  | 
                23 total
 » upgrades
                
                | Masonry | 3 |  | 
| Swords | 2 |  | 
| Armor | 2 |  | 
| Animal War Training | 1 |  | 
| Cloud | 1 |  | 
| Lumber Harvesting | 2 |  | 
| Magic Sentry | 1 |  | 
                12 total
 » buildings
                
                | Altar of Kings | 1 |  | 
| Farm | 6 |  | 
| Lumber Mill | 1 |  | 
| Scout Tower | 49 |  | 
| Arcane Tower | 3 |  | 
| Guard Tower | 22 |  | 
| Keep | 1 |  | 
| Town Hall | 1 |  | 
| Gryphon Aviary | 3 |  | 
| Arcane Vault | 1 |  | 
| Castle | 1 |  | 
| Blacksmith | 1 |  | 
| Barracks | 1 |  | 
| Arcane Sanctum | 1 |  | 
                92 total
 » build order
                00:07 Altar of Kings
00:11 Farm
00:23 Lumber Mill
01:16 Farm
01:24 Scout Tower
01:26 Scout Tower
01:53 Arcane Tower
02:02 Scout Tower
02:11 Scout Tower
02:30 Guard Tower
02:32 Scout Tower
02:35 Scout Tower
02:52 Guard Tower
02:53 Scout Tower
03:02 Guard Tower
03:34 Guard Tower
03:36 Scout Tower
03:39 Scout Tower
04:11 Guard Tower
04:17 Scout Tower
04:37 Guard Tower
05:02 Scout Tower
05:05 Scout Tower
05:23 Scout Tower
05:31 Guard Tower
05:34 Guard Tower
05:35 Scout Tower
05:51 Keep
06:04 Guard Tower
06:14 Town Hall
06:24 Guard Tower
07:11 Scout Tower
07:12 Scout Tower
07:12 Scout Tower
07:13 Scout Tower
07:20 Scout Tower
07:20 Scout Tower
08:13 Gryphon Aviary
08:14 Gryphon Aviary
08:15 Gryphon Aviary
08:43 Farm
08:48 Arcane Vault
09:34 Farm
09:35 Farm
10:04 Guard Tower
10:07 Scout Tower
10:07 Scout Tower
10:08 Scout Tower
10:09 Scout Tower
10:13 Scout Tower
10:14 Scout Tower
10:15 Scout Tower
10:15 Scout Tower
11:14 Castle
11:20 Scout Tower
11:20 Scout Tower
11:21 Scout Tower
11:23 Guard Tower
11:24 Guard Tower
12:41 Guard Tower
13:42 Blacksmith
13:43 Barracks
14:35 Guard Tower
15:11 Guard Tower
15:13 Guard Tower
15:17 Arcane Tower
17:13 Farm
17:14 Scout Tower
18:27 Scout Tower
18:28 Scout Tower
18:29 Scout Tower
18:32 Scout Tower
18:33 Scout Tower
18:33 Scout Tower
18:35 Scout Tower
18:35 Scout Tower
18:36 Scout Tower
18:36 Scout Tower
18:37 Scout Tower
19:04 Arcane Tower
19:24 Guard Tower
20:04 Guard Tower
22:34 Guard Tower
23:11 Arcane Sanctum
23:15 Guard Tower
23:17 Scout Tower
23:18 Scout Tower
23:19 Scout Tower
23:19 Scout Tower
23:22 Scout Tower
23:23 Scout Tower
26:22 Guard Tower
» items
                
                | Boots of Speed | 3 |  | 
| Staff of Teleportation | 3 |  | 
| Potion of Lesser Invulnerability | 2 |  | 
| Scroll of Regeneration | 2 |  | 
| Staff of Sanctuary | 3 |  | 
| Scroll of Town Portal | 1 |  | 
| Orb of Venom | 2 |  | 
                16 total
  
               
              
              
a-a (
orange | 27 APM | 995 actions | 37:00)
              
 1 Beastmaster 
 1 Summon Bear
 
                » actions 
                
                | Assign group hotkey | 7 |  | 
| Basic commands | 49 |  | 
| Build / train | 27 |  | 
| Enter build submenu | 3 |  | 
| Enter hero's abilities submenu | 1 |  | 
| Right click | 457 |  | 
| Select / deselect | 320 |  | 
| Select group hotkey | 120 |  | 
| Use ability | 11 |  | 
                995 total
 » units 
                » buildings
                
                | Moon Well | 2 |  | 
| Altar of Elders | 1 |  | 
                3 total
 » build order
                00:21 Moon Well
01:14 Moon Well
02:09 Altar of Elders
 
                Chat log
          (00:21 / Allies) DMZ: done
(00:29 / Allies) 647-869-9830: mata tower top?
(02:21 / All) muzixs: lol you tp
(02:25 / All) muzixs: sad...
(03:20 / Allies) DMZ: lum,
(03:24 / All) muzixs: ?
(04:28 / Allies) DMZ: oj hero in base
(05:36 / Allies) DMZ: is he gonna escape
(05:39 / Allies) DMZ: and be like a lone ranger
(05:41 / Allies) DMZ: a maverick
(07:40 / Allies) DMZ: owned
(07:42 / Allies) 647-869-9830: kablam
(07:44 / Allies) 647-869-9830: beitche
(10:09 / Allies) DMZ: more tows 
(11:41 / Allies) 647-869-9830: WHAT?
(11:46 / Allies) 647-869-9830: a-a
(11:47 / Allies) 647-869-9830: speak up
(12:06 / Allies) 647-869-9830: a-a can you handle the tactics & strats?
(12:09 / Allies) 647-869-9830: just ping what to do
(12:23 / Allies) DMZ: need gold
(16:16 / Allies) DMZ: lum
(16:51 / Allies) DMZ: lum 
(17:06 / Allies) DMZ: l
(17:07 / Allies) DMZ: u
(17:07 / Allies) DMZ: m
(17:56 / Allies) DMZ: brt
(19:11 / All) 647-869-9830: hey you
(19:14 / All) 647-869-9830: hej freunde
(20:14 / All) 647-869-9830: hey purp
(21:24 / All) 647-869-9830: hey
(21:26 / Allies) DMZ: lum
(21:54 / Allies) DMZ: oj how u doin
(23:36 / All) 647-869-9830: english?
(23:42 / Allies) DMZ: kor?
(23:52 / All) 647-869-9830: hanmida
(23:53 / All) 647-869-9830: sumida
(24:45 / Allies) DMZ: lum
(24:56 / All) DMZ: hi we have a truce with blue
(24:58 / All) DMZ: he is safe with us
(26:09 / All) 647-869-9830: this is tower countrey
(26:48 / Allies) DMZ: or some variation
(26:57 / Allies) DMZ: if it's 2:2 i say we dmz
(27:00 / Allies) DMZ: if it's 3:1 we defect
(27:20 / Allies) DMZ: many towers by onton...
(29:12 / Allies) DMZ: gimme lum and i go 100
(29:20 / Allies) DMZ: mite as well
(29:38 / Allies) DMZ: not sure how we end this tho, do we kill onton???
(31:28 / Allies) DMZ: will he leave is q
(33:13 / Allies) DMZ: had they tped to onton..
(33:19 / Allies) SEPHIROOTHH: ya
(34:46 / Allies) DMZ: :T
(35:31 / Allies) DMZ: we need to look at xp tables
(39:34 / Allies) DMZ: gryphon ownage
(39:44 / Allies) DMZ: 10
(41:33 / All) 647-869-9830: LEAVE